Map: 오토메이턴 - 래더

Players

FanTaSy

  • Race: Terran Terran
  • League: Grandmaster
  • Spawn Location: 3:00

Stats - Winner!

  • Race: Protoss Protoss
  • League: Grandmaster
  • Spawn Location: 9:00

Event: IEM Season 13 - Katowice Server Qualifiers Asia 2

VOD

Have the link to the VOD?

Description

Time

  • Played on: Jan. 22, 2019, 4:41 a.m.
  • Length: 9:31

All games in this series

Show
View Real Time Build Order
Export as new Build Order

FanTaSy Terran 

Build Orders: Cyclone Opening, Gas First Reaper Expand 

Get SALT Encoding   

  12  0:00  SCV  
  13  0:12  SCV  
  14  0:18  Supply Depot  
  14  0:24  SCV  
  15  0:29  Refinery  
  15  0:39  SCV  
  16  0:45  Barracks  
  16  0:51  SCV  
  17  1:03  SCV  
  18  1:15  SCV  
  19  1:32  Orbital Command  
  19  1:33  Reaper  
  20  1:44  Command Center  
  20  1:54  Factory  
  20  1:58  SCV  
  21  2:04  Marine  
  22  2:10  Supply Depot  
  22  2:11  SCV  
  23  2:21  Refinery  
  23  2:24  Barracks Tech Lab  
  23  2:31  SCV  
  24  2:43  SCV  
  25  2:47  Cyclone  
  28  2:54  Barracks Reactor  
  28  2:57  Orbital Command  
  28  2:58  SCV  
  29  3:10  SCV  
  30  3:15  Command Center  
  30  3:23  Cyclone  
  30  3:24  SCV  
  30  3:25  SCV  
  35  3:31  Marine x2  
  37  3:36  SCV  
  37  3:38  SCV  
  37  3:41  Supply Depot  
  39  3:48  SCV  
  39  3:49  Marine x2  
  39  3:50  SCV  
  43  3:59  Siege Tank  
  43  4:02  SCV x2  
  46  4:09  Marine x2  
  48  4:13  Barracks  
  48  4:14  SCV x2  
  50  4:26  SCV x2  
  50  4:28  Orbital Command  
  54  4:38  SCV x2  
  53  4:39  Marine  
  53  4:40  Stimpack  
  53  4:42  Factory Tech Lab  
  55  4:46  Barracks  
  55  4:50  SCV x2  
  57  4:53  Refinery  
  57  4:54  Refinery  
  57  4:56  SCV  
  57  4:57  Marine  
  59  5:00  Engineering Bay  
  59  5:01  Engineering Bay  
  59  5:04  Starport  
  59  5:06  Factory Reactor  
  59  5:11  SCV x2  
  59  5:13  Marine x2, SCV  
  64  5:14  Marine  
  65  5:22  Supply Depot  
  65  5:23  Supply Depot  
  65  5:27  Terran Infantry Weapons Level 1  
  65  5:30  SCV x2  
  65  5:31  SCV  
  65  5:34  Marine  
  69  5:42  Barracks  
  69  5:44  Marauder  
  69  5:46  Combat Shield  
  69  5:48  Barracks  
  71  5:50  Missile Turret  
  71  5:52  Factory Reactor, Supply Depot  
  71  5:55  Marauder  
  54  6:07  Medivac x2  
  54  6:10  Marine x2, Marauder  
  38  6:24  Marauder  
  35  6:28  Marine x2  
  35  6:31  Widow Mine  
  38  6:37  Medivac  
  40  6:44  Concussive Shells  
  40  6:47  Marauder x2  
  40  6:49  Marine x2  
  40  6:53  Widow Mine x2  
  50  6:55  Medivac  
  52  7:07  Marine x2  
  54  7:09  Marauder x2  
  54  7:13  Medivac  
  54  7:15  Widow Mine  
  62  7:19  Widow Mine  
  64  7:26  Marine x2  
  64  7:29  Marine  
  67  7:30  Marauder  
  69  7:39  Widow Mine  
  69  7:40  Widow Mine  
  69  7:43  Marauder  
  75  7:44  Marine x2  
  75  7:46  Marine  
  80  7:51  Marauder  
  80  8:01  Widow Mine  
  80  8:02  Widow Mine  
  84  8:06  Marine x3, Marauder  
  91  8:13  Marauder  
  91  8:16  Supply Depot  
  91  8:17  Supply Depot  
  91  8:24  Marine  
  92  8:33  Marine  
  93  8:37  Marine  
  93  8:38  Marauder x2  
  93  8:39  Supply Depot  
  98  8:42  Marine  
  98  8:47  Medivac  
  101  8:48  Medivac  
  101  8:52  Supply Depot  
  103  9:01  Marine, Marauder  
  77  9:10  Marauder  
Show
View Real Time Build Order
Export as new Build Order

Stats Protoss - Winner!

Build Orders: 1 Gate Expand, Oracle Opening, Phoenix Opening, Zealot Archon 

Get SALT Encoding   

  12  0:00  Probe  
  13  0:12  Probe  
  14  0:18  Pylon  
  14  0:24  Probe  
  15  0:32  Probe  
  15  0:40  Probe  
  15  0:41  Gateway  
  16  0:47  Assimilator  
  17  0:51  Probe  
  18  1:03  Probe  
  19  1:15  Probe  
  20  1:25  Nexus  
  20  1:34  Cybernetics Core  
  20  1:37  Probe  
  21  1:42  Assimilator  
  21  1:49  Probe  
  21  1:54  Pylon  
  22  2:01  Probe  
  22  2:03  Adept  
  23  2:13  Probe  
  26  2:19  Stargate  
  26  2:26  Probe, Warp Gate  
  26  2:29  Adept  
  27  2:33  Probe  
  27  2:34  Probe  
  29  2:41  Probe  
  29  2:42  Probe  
  33  2:51  Probe  
  33  2:52  Probe  
  33  2:54  Oracle  
  33  2:57  Adept  
  37  3:05  Probe  
  41  3:06  Probe  
  41  3:11  Pylon  
  42  3:17  Probe  
  42  3:18  Probe  
  44  3:21  Oracle  
  44  3:29  Probe  
  44  3:30  Probe  
  49  3:37  Gateway  
  49  3:38  Gateway  
  49  3:41  Probe  
  50  3:42  Probe  
  50  3:46  Pylon  
  51  3:57  Phoenix  
  53  4:12  Probe x2  
  53  4:13  Nexus  
  53  4:16  Pylon  
  55  4:22  Phoenix, Assimilator  
  55  4:24  Assimilator  
  57  4:37  Probe x2  
  57  4:38  Adept x3  
  65  4:47  Phoenix  
  65  4:48  Pylon  
  65  4:50  Probe x2  
  69  5:02  Twilight Council  
  69  5:03  Forge  
  69  5:11  Probe x2  
  71  5:20  Adept x3  
  71  5:21  Probe  
  77  5:22  Probe x2, Protoss Ground Armor Level 1  
  77  5:28  Charge  
  80  5:29  Probe  
  80  5:30  Probe x2  
  83  5:38  Probe  
  83  5:39  Probe  
  83  5:40  Probe  
  85  5:47  Pylon  
  86  6:03  Probe x3  
  83  6:12  Assimilator  
  83  6:13  Gateway, Assimilator  
  83  6:14  Gateway  
  83  6:15  Gateway x2, Probe x3  
  83  6:16  Gateway  
  86  6:27  Probe  
  86  6:28  Probe x2  
  86  6:30  Templar Archives  
  86  6:31  Robotics Facility, Pylon  
  89  6:33  Pylon  
  89  6:36  Protoss Ground Armor Level 2  
  89  6:39  Probe  
  90  6:50  Sentry x3  
  90  6:53  Pylon  
  96  6:55  Pylon x2  
  96  6:59  Blink  
  96  7:03  Probe  
  96  7:04  Pylon  
  96  7:05  Pylon  
  96  7:07  Gateway  
  97  7:10  Gateway  
  97  7:11  Pylon  
  97  7:12  High Templar x2  
  101  7:16  Forge  
  101  7:18  Warp Prism  
  101  7:21  Archon  
  103  7:24  Zealot x2  
  103  7:25  Zealot x4  
  103  7:29  Protoss Ground Weapons Level 1  
  115  7:32  Photon Cannon  
  115  7:33  Photon Cannon  
  115  7:47  High Templar x2  
  119  7:52  High Templar x2  
  119  7:54  Zealot x4  
  119  7:57  Archon  
  119  7:58  Archon  
  131  8:06  Pylon x2  
  131  8:17  Nexus  
  131  8:19  Pylon  
  131  8:33  Stalker  
  131  8:34  Stalker x7  
  144  8:42  Immortal  
  148  9:02  Zealot x2  
  148  9:03  Zealot x6  
  152  9:29  Zealot x2  
  152  9:30  Zealot x6  

Tags
 
Add a new tag
Caveats
  • Supply blocks, unpowered buildings, or Contaminate may cause inaccurate times.
  • Supply counts are checked every 10 seconds.